 Dungeon Crawl Stone Soup version 0.29-a0-823-gc37b1572da (webtiles) character file.

Game seed: 11856649037481745961

2761 gruber the Destroyer (level 9, -1/78 HPs)
             Began as a Tengu Conjurer on July 9, 2022.
             Was a Follower of Vehumet.
             Slain by Psyche
             ... wielding a +1 dagger of distortion
              (23 damage)
             ... on level 8 of the Dungeon on July 11, 2022.
             The game lasted 00:10:54 (9902 turns).

gruber the Destroyer (Tengu Conjurer)               Turns: 9902, Time: 00:10:54

Health: -1/78      AC: 28    Str:  8    XL:     9   Next: 69%
Magic:  17/17      EV:  2    Int: 29    God:    Vehumet [*.....]
Gold:   340        SH:  0    Dex: 12    Spells: 15/18 levels left

rFire   . . .      SeeInvis .   G - +3 dagger (elec)
rCold   . . .      Faith    .   (no shield)
rNeg    . . .      Spirit   .   (body armour currently unavailable)
rPois   +          Reflect  .   (helmet currently unavailable)
rElec   .          Harm     .   (cloak currently unavailable)
rCorr   .          Rampage  .   (gloves currently unavailable)
Will    .....      NoTele   +   (boots unavailable)
Stlth   ++........              (no amulet)
HPRegen 0.23/turn               t - +6 ring of intelligence
MPRegen 0.15/turn               A - +4 ring of protection

@: tree-form, studying Throwing
A: stationary, stasis, torment immunity, boosted hp, (beak), (talons 3), nimble
flight
a: Renounce Religion


You were on level 8 of the Dungeon.
You worshipped Vehumet.
Vehumet was aware of your devotion.
You were a tree.
You visited 2 branches of the dungeon, and saw 9 of its levels.

You collected 340 gold pieces.

Inventory:

Hand Weapons
 y - a +2 dagger of venom
 G - a +3 dagger of electrocution (weapon)
 I - a +5 short sword
 J - a +4 long sword of freezing
Missiles
 z - 3 throwing nets
Armour
 a - a +0 robe
 l - a +1 hat (melded)
 v - a +1 leather armour of fire resistance (melded)
Jewellery
 g - a +6 ring of strength
 n - a ring of protection from fire
 t - a +6 ring of intelligence (left branch)
 A - a +4 ring of protection (right branch)
 H - a ring of protection from cold
Wands
 r - a wand of roots (9)
Scrolls
 c - 3 scrolls of fog {unknown}
 d - 3 scrolls of enchant weapon {unknown}
 f - 7 scrolls of identify {unknown}
 j - a scroll of blinking {unknown}
 m - 3 scrolls of teleportation {unknown}
 o - 4 scrolls of enchant armour {unknown}
 p - a scroll of brand weapon {unknown}
 s - a scroll of magic mapping {unknown}
 u - a scroll of noise {unknown}
 w - a scroll of silence {unknown}
 x - a scroll of immolation {unknown}
 E - a scroll of acquirement {unknown}
 F - a scroll of amnesia {unknown}
Potions
 b - 2 potions of magic
 e - 3 potions of haste {unknown}
 h - a potion of degeneration {unknown}
 i - 3 potions of curing {unknown}
 k - a potion of mutation {unknown}
 q - a potion of flight {unknown}
 B - a potion of resistance
 C - 2 potions of heal wounds {unknown}
 D - a potion of attraction {unknown}


   Skills:
 - Level 4.1 Fighting
 - Level 5.1 Armour
 - Level 8.0 Dodging
 - Level 2.0 Stealth
 - Level 5.0 Spellcasting
 * Level 10.7 Conjurations


You had 15 spell levels left.
You knew the following spells:

 Your Spells              Type           Power      Damage    Failure   Level
a - Magic Dart            Conj           100%       1d8       1%          1
b - Searing Ray           Conj           100%       2d8       1%          2

Your spell library contained the following spells:

 Spells                   Type           Power      Damage    Failure   Level
 Foxfire                  Conj/Fire      100%       2x1d9     1%          1
 Dazzling Flash           Conj/Hex       76%        N/A       1%          3
 Mephitic Cloud           Conj/Pois/Air  28%        N/A       4%          3
 Fulminant Prism          Conj/Hex       19%        3d11      7%          4
 Iskenderun's Mystic Bla  Conj/Tloc      38%        2d9       7%          4
 Call Imp                 Summ           7%         N/A       10%         2


Dungeon Overview and Level Annotations

Branches:
Dungeon (8/15)             Temple (1/1) D:4
   Lair: D:8-11

Altars:
Ashenzari
Cheibriados
Dithmenos
Elyvilon
Gozag
Hepliaklqana
Kikubaaqudgha
Makhleb
Nemelex Xobeh
Okawaru
Qazlal
Ru
Sif Muna
Trog
Uskayaw
Vehumet
Wu Jian
Xom
Yredelemnul

Shops:
D:2 ?

Annotations:
D:4 Grinder
D:8 Psyche


Innate Abilities, Weirdness & Mutations

You are a tree.
Your roots penetrate the ground, keeping you stationary.
You cannot be teleported.
You are immune to unholy pain and torment.
Your maximum health is greatly increased.
Your equipment is partially melded.
((You have a beak for a mouth.))
((You have claws for feet.))
Your magical nature lets you fly swiftly and evasively.


Message History

There is an open door here.
You reach down and open the door.
There is an open door here.
There is an open door here.
Psyche is nearby!
Psyche is nearby!
The magic dart hits Psyche!
Psyche is moderately wounded.
Psyche shouts!
Psyche mumbles some strange words.
Psyche flickers and vanishes!
Deactivating autopickup; reactivate with Ctrl-A.
You hear some strange, mumbled words.
A swirling arc of seething chaos appears!
An arc of chaos appears from out of thin air!
The arc of chaos hits you but does no damage.
There is an open door here.
You hear some strange, mumbled words.
You turn into a tree.
Your +1 hat melds into your body.
Your +1 leather armour of fire resistance melds into your body.
You feel less resistant to fire.
Your roots penetrate the ground.
You cannot move.
You cannot move.
You cannot move.
You swing at nothing.
You completely miss something. Something hits you but does no damage.
Space warps around you!
You miss something. Something hits you but does no damage.
Space warps horribly around you!!
You closely miss something.
Something hits you but does no damage. x2
Space warps horribly around you!
You hit something. Something hits you but does no damage.
Space warps around you.
You closely miss something. Something hits you but does no damage.
Space warps horribly around you!
* * * LOW HITPOINT WARNING * * *
You barely miss something.
Something hits you but does no damage. x2
You hit something. Something hits you but does no damage.
Space warps horribly around you!!
You die...

#######
#####.....######################
#...'.....#...#..............#..
#...#.....#...'..............'..
#'###.....#######'##..######'###
##..####+#.....#.{.##..#.........
..<......#.....'♣..#...#.........
.........#.....#...#...'.{.......
...###+###.....##'####'#.........
...###.####'##............###+##.
.............#............#....#.
.............#............'....#
.##########'##............#....#
. #####........####....#....##
#...'........# #....#......


There were no monsters in sight!

Vanquished Creatures
  An unseen horror (D:7)
  Edmund (D:4)
  A water moccasin (D:7)
  Duvessa (D:7)
  3 orc warriors
  An ice beast (D:6)
  A sky beast (D:7)
  A centaur (D:5)
  A kobold brigand (D:6)
  A necrophage (D:5)
  4 scorpions
  7 wights
  Dowan (D:7)
  A howler monkey (D:5)
  4 hounds
  4 jellies
  3 orc priests
  Ijyb (D:4)
  2 iguanas
  6 orc wizards
  8 gnolls
  7 adders
  5 worms
  2 dart slugs
  11 orcs
  6 ball pythons
  4 bats
  8 endoplasms
  8 giant cockroaches
  3 goblins
  8 hobgoblins
  9 jackals
  8 quokkas
  4 frilled lizards
  12 kobolds
  5 rats
153 creatures vanquished.

Notes
Turn   | Place    | Note
-------+----------+-------------------------------------------
     0 | D:1      | gruber the Tengu Conjurer began the quest for the Orb.
     0 | D:1      | Reached XP level 1. HP: 10/10 MP: 4/4
   200 | D:1      | Reached XP level 2. HP: 15/15 MP: 1/6
   375 | D:1      | Reached skill level 6 in Conjurations
   722 | D:1      | Reached XP level 3. HP: 19/19 MP: 4/7
  1288 | D:2      | Learned a level 2 spell: Searing Ray
  1869 | D:2      | Found Esotz's Magic Scroll Shoppe.
  2022 | D:3      | Reached XP level 4. HP: 24/24 MP: 3/8
  2265 | D:3      | Reached skill level 7 in Conjurations
  2883 | D:3      | Gained mutation: Your magical nature lets you fly swiftly
                  | and evasively. [Tengu growth]
  2883 | D:3      | Reached XP level 5. HP: 28/28 MP: 6/10
  3086 | D:4      | Noticed Ijyb
  3310 | D:4      | Found a staircase to the Ecumenical Temple.
  3319 | D:4      | Reached skill level 8 in Conjurations
  3414 | D:4      | Reached XP level 6. HP: 32/32 MP: 5/12
  4010 | D:4      | Noticed Grinder
  4278 | D:4      | Killed Ijyb
  4279 | D:4      | Reached XP level 7. HP: 2/36 MP: 4/15
  4800 | D:4      | Noticed Edmund
  4830 | D:4      | Killed Edmund
  4831 | D:4      | Reached skill level 5 in Spellcasting
  4831 | D:4      | Reached skill level 9 in Conjurations
  5041 | D:5      | Entered Level 5 of the Dungeon
  5388 | D:5      | Reached skill level 10 in Conjurations
  5679 | D:5      | Reached XP level 8. HP: 2/41 MP: 10/16
  6352 | D:5      | Reached skill level 5 in Dodging
  6763 | Temple   | Entered the Ecumenical Temple
  6842 | Temple   | Became a worshipper of Vehumet
  7000 | D:6      | Identified the +1 helmet "Tixearr" {Contam Rampage rElec
                  | Int+3}
  7425 | D:6      | Noticed a hornet
  8197 | D:7      | Reached XP level 9. HP: 49/49 MP: 11/17
  8265 | D:7      | Noticed Duvessa
  8273 | D:7      | Killed Duvessa
  8281 | D:7      | Noticed Dowan
  8287 | D:7      | Killed Dowan
  8666 | D:7      | Reached skill level 1 in Armour
  8871 | D:7      | Killed an unseen horror
  8872 | D:7      | Reached skill level 5 in Armour
  9591 | D:8      | Reached * piety under Vehumet
  9591 | D:8      | Offered knowledge of Foxfire by Vehumet.
  9622 | D:8      | Noticed Psyche
  9902 | D:8      | Slain by Psyche

Illustrated notes

Levels and vault maps discovered:
D:1:      dpeg_arrival_three_smaller_balls, layout_basic
D:2:      layout_loops_ring, serial_shops, shop
D:3:      layout_basic, gup_sewer_entry_bubbles
D:4:      layout_gridville, minmay_temple_entry_mist, minmay_quadrilaterals,
          uniq_ijyb, uniq_grinder, uniq_edmund
D:5:      layout_basic
D:6:      layout_gridville
D:7:      layout_layer_cave, minmay_manual_mandibuliform, uniq_duvessa
D:8:      layout_gridville, david_lair_generic, uniq_psyche, uniq_joseph,
          uniq_maurice, uniq_gastronok
Temple:   nicolae_temple_bog_church

Skill      XL: |  1  2  3  4  5  6  7  8  9 |
---------------+----------------------------+-----
Conjurations   | 6 7 8 10 | 10.7
Spellcasting   | 3 4 5 |  5.0
Dodging        | 4 8 |  8.0
Fighting       | 2 4 |  4.1
Armour         | 5 |  5.1
Stealth        | |  2.0

Action                   |  1- 3 |  4- 6 |  7- 9 || total
-------------------------+-------+-------+-------++-------
Melee: Unarmed           |    10 |       |       ||    10
       Peck              |     2 |     1 |     9 ||    12
       Kick              |     1 |     2 |    15 ||    18
       Rapier            |       |    11 |     1 ||    12
       Whip              |       |       |     7 ||     7
       Dagger            |       |       |    30 ||    30
 Cast: Magic Dart        |    78 |    91 |    37 ||   206
       Searing Ray       |       |    11 |    48 ||    59
 Stab: Sleeping          |       |     2 |       ||     2
Armor: Robe              |     8 |     2 |     2 ||    12
       Leather armour    |       |       |    14 ||    14
       Skin              |       |       |     9 ||     9
Dodge: Dodged            |    12 |    22 |    53 ||    87

Table legend: (Time is in decaauts)
 A = Elapsed time spent in this place.
 B = Non-inter-level travel time spent in this place.
 C = Inter-level travel time spent in this place.
 D = Time resting spent in this place.
 E = Time spent auto-exploring this place.
 F = Levels seen in this place.
 G = Mean time per level.
                   A        B        C        D        E       F      G
               +--------+--------+--------+--------+--------+-----+--------+
         Total |   9561 |   9182 |    379 |    156 |   7936 |   9 | 1062.3 |
       Dungeon |   9480 |   9111 |    369 |    156 |   7882 |   8 | 1185.0 |
        Temple |     81 |     72 |      9 |      0 |     54 |   1 |   81.0 |
               +--------+--------+--------+--------+--------+-----+--------+

Top non-repeatable levels by time:
     D:7: 1950 daAuts
     D:4: 1780 daAuts
     D:5: 1681 daAuts
     D:3: 1268 daAuts
     D:1: 1218 daAuts
     D:2: 713 daAuts
     D:6: 573 daAuts
     D:8: 294 daAuts
  Temple: 81 daAuts
